AoeStats
← Polish.Toboggan

Arabia

508713301Analyzed
1v1 RM · 7d ago on Sep 23, 2026· 42m 12s· 2 players
Game mode
Random Map
Map size
Tiny (2 player)
Population
200
Speed
Normal
Resources
Standard
Victory
Conquest
Starting age
Dark Age
Ending age
Imperial Age
RankedLock teamsTeams togetherTeam positionsShared explorationLock speedFull tech treeHidden civsTurbo modeCheats
Victory
Defeat
🇺🇸 Britons · United States
897
+15
🇨🇱 Byzantines · Chile
867
-15
carlosdagnino
5:44 Loom
9:56 Feudal Age
10:51 Double-Bit Axe
14:05 Horse Collar
22:07 Castle Age
21:41 Fletching
22:03 Forging
21:55 Padded Archer Armor
21:56 Scale Mail Armor
23:14 Bow Saw
23:05 Heavy Plow
25:42 Wheelbarrow
26:11 Gold Mining
27:05 Hand Cart
27:36 Bodkin Arrow
29:07 Elite Skirmisher
29:13 Pikeman
31:29 Squires
31:15 Gambesons
31:37 Thumb Ring
37:14 Imperial Age
35:51 Leather Archer Armor
36:12 Iron Casting
39:03 Chemistry
38:24 Ballistics
38:32 Treadmill Crane
38:47 Murder Holes
39:58 Chain Mail Armor
39:43 Bracer
40:14 Ring Archer Armor
40:01 Halberdier
Polish.Toboggan
9:50 Feudal Age
8:10 Loom
10:20 Horse Collar
11:47 Double-Bit Axe
19:24 Castle Age
21:42 Wheelbarrow
22:45 Fletching
23:25 Bodkin Arrow
24:59 Stone Mining
25:28 Heavy Plow
27:06 Town Watch
29:07 Padded Archer Armor
32:29 Imperial Age
30:59 Gold Mining
32:11 Leather Archer Armor
33:08 Forging
34:10 Ballistics
34:51 Chemistry
34:52 Bracer
37:24 Conscription
40:03 Iron Casting
39:59 Ring Archer Armor
39:35 Scale Barding Armor
40:01 Cavalier
40:41 Husbandry
41:45 Blast Furnace
41:17 Murder Holes
Connection lost

Rejoining the realm…

Still unreachable

The connection could not be restored.

Session expired

The server has moved on; the page needs a fresh start.